 Dungeon Crawl Stone Soup version 0.24.0-1-gfbc8707 (webtiles) character file.

Game seed: 10962165367732230261, levelgen mode: deterministic

371 Faca the Skirmisher (level 6, -1/53 HPs)
             Began as a Gnoll Abyssal Knight on Nov 2, 2019.
             Was a Believer of Lugonu.
             Killed from afar by an orc wizard (3 damage)
             ... with a magic dart
             ... on level 5 of the Dungeon.
             The game lasted 00:06:14 (3430 turns).

Faca the Skirmisher (Gnoll Abyssal Knight)          Turns: 3430, Time: 00:06:15

Health: -1/53      AC: 13    Str: 17    XL:     6   Next: 70%
Magic:  9/9        EV:  8    Int: 14    God:    Lugonu [**....]
Gold:   169        SH:  0    Dex: 14    Spells: 9/9 levels left

rFire    . . .     SeeInvis .   a - +1 falchion
rCold    . . .     Gourm    .   (no shield)
rNeg     . . .     Faith    .   x - +0 chain mail
rPois    .         Spirit   .   e - +0 helmet
rElec    .         Reflect  .   t - +0 cloak
rCorr    .         Harm     .   v - +0 pair of gloves
MR       .....                  (no boots)
Stlth    ..........             (no amulet)
HPRegen  0.17/turn              r - ring of stealth
MPRegen  0.11/turn              (no ring)

@: no status effects
A: distributed training, fangs 1, strong nose
a: Depart the Abyss, Bend Space, Renounce Religion


You were on level 5 of the Dungeon.
You worshipped Lugonu.
Lugonu was pleased with you.
You were not hungry.

You visited 1 branch of the dungeon, and saw 5 of its levels.
You visited the Abyss 1 time.

You collected 169 gold pieces.

Inventory:

Hand Weapons
 a - a +1 falchion (weapon)
Armour
 e - a +0 helmet (worn)
 t - a +0 cloak (worn)
 v - a +0 pair of gloves (worn)
 x - a +0 chain mail (worn)
 y - a +0 large shield
Jewellery
 r - a ring of stealth (left hand)
Wands
 f - a wand of paralysis (8)
Scrolls
 b - 2 scrolls of remove curse
 g - 2 scrolls of teleportation
 h - 2 scrolls of magic mapping
 j - a scroll of identify
 m - 2 scrolls of enchant armour {unknown}
Potions
 d - a potion of lignification
 i - a potion of berserk rage
 k - a potion of cancellation {unknown}
 l - a potion of mutation {unknown}
 n - 2 potions of heal wounds {unknown}
 q - 2 potions of curing {unknown}
 u - a potion of resistance {unknown}
 w - a potion of haste {unknown}
 z - a potion of might {unknown}
Comestibles
 c - 10 rations


   Skills:
 + Level 6.8 Fighting
 + Level 2.0 Short Blades
 + Level 5.0 Long Blades
 + Level 2.0 Axes
 + Level 2.0 Maces & Flails
 + Level 2.0 Polearms
 + Level 2.0 Staves
 + Level 2.0 Slings
 + Level 2.0 Bows
 + Level 2.0 Crossbows
 + Level 2.0 Throwing
 + Level 5.0 Armour
 + Level 3.3 Dodging
 + Level 2.0 Stealth
 + Level 2.0 Shields
 + Level 2.0 Unarmed Combat
 + Level 2.0 Spellcasting
 + Level 1.6 Conjurations
 + Level 1.6 Hexes
 + Level 1.6 Charms
 + Level 1.6 Summonings
 + Level 1.6 Necromancy
 + Level 1.6 Translocations
 + Level 1.6 Transmutations
 + Level 1.6 Fire Magic
 + Level 1.6 Ice Magic
 + Level 1.6 Air Magic
 + Level 1.6 Earth Magic
 + Level 1.6 Poison Magic
 + Level 5.1 Invocations
 + Level 2.0 Evocations


You had 9 spell levels left.
You didn't know any spells.
Your spell library was empty.

Dungeon Overview and Level Annotations

Branches:
Dungeon (5/15)             Temple (0/1) D:5

Altars:
Hepliaklqana
Vehumet


Innate Abilities, Weirdness & Mutations

Your experience applies equally to all skills.
You have very sharp teeth.
Your uncanny sense of smell can sniff out nearby items.


Message History

A puff of flame appears from out of thin air!
The puff of flame misses you.
You miss something.
You hear some strange, mumbled words.
A magic dart appears from out of thin air!
The magic dart hits you but does no damage.
You hit something. Something hits you but does no damage.
You hit something. Something hits you but does no damage.
The orc priest mumbles some strange prayers to Beogh against you.
Beogh smites you!
* * * LOW HITPOINT WARNING * * *
You slash something! Something hits you but does no damage.
The orc priest calls down the wrath of Beogh upon you.
Beogh smites you!
* * * LOW HITPOINT WARNING * * *
You hit something but do no damage. Your bite misses something.
You hear some strange, mumbled words.
A magic dart appears from out of thin air!
The magic dart hits you.
You die...

#.#r .#
#.#.##. ....#(
# #.o.. ..
#....
#.#.#...#
.......)######
.8.8...o.@...#
.⌠.⌠..#o####.#
......#.# #.#
.>.# .#.####.#
.. .....#.# #
#.##.#.#
#.##.#.######
#.............
#..###########


You could see an orc priest and an orc.

Vanquished Creatures
  An ogre (D:4)
  A howler monkey (D:4)
  An iguana (D:4)
  Terence (D:2)
  2 worker ants
  Robin (D:2)
  6 adders
  3 worms
  A dart slug (D:3)
  13 orcs
  A ball python (D:2)
  4 giant cockroaches
  6 hobgoblins
  2 jackals (D:1)
  7 kobolds
  2 quokkas
  5 bats
  A frilled lizard (D:3)
  11 goblins
  A leopard gecko skeleton (D:4)
  A rat (D:2)
71 creatures vanquished.

Notes
Turn   | Place    | Note
-------+----------+-------------------------------------------
     0 | Abyss:1  | Faca the Gnoll Abyssal Knight began the quest for the Orb.
     0 | Abyss:1  | Reached XP level 1. HP: 23/23 MP: 3/3
     8 | Abyss:1  | Noticed a raiju
     8 | Abyss:1  | Noticed a cacodemon
     8 | Abyss:1  | Noticed a blink frog
     9 | D:1      | Escaped the Abyss
   317 | D:1      | Reached * piety under Lugonu
   317 | D:1      | Reached XP level 2. HP: 29/29 MP: 5/5
  1025 | D:2      | Reached XP level 3. HP: 35/35 MP: 6/6
  1026 | D:2      | Noticed Robin
  1036 | D:2      | Killed Robin
  1070 | D:2      | Found a hazy altar of Hepliaklqana.
  1104 | D:2      | Found a radiant altar of Vehumet.
  1110 | D:2      | You fall into a shaft and drop 2 floors!
  1158 | D:4      | Noticed an ogre
  1164 | D:4      | Killed an ogre
  1164 | D:4      | Reached skill level 1 in Short Blades
  1164 | D:4      | Reached skill level 1 in Axes
  1164 | D:4      | Reached skill level 1 in Maces & Flails
  1164 | D:4      | Reached skill level 1 in Polearms
  1164 | D:4      | Reached skill level 1 in Staves
  1164 | D:4      | Reached skill level 1 in Slings
  1164 | D:4      | Reached skill level 1 in Bows
  1164 | D:4      | Reached skill level 1 in Crossbows
  1164 | D:4      | Reached skill level 1 in Throwing
  1164 | D:4      | Reached skill level 1 in Stealth
  1164 | D:4      | Reached skill level 1 in Shields
  1164 | D:4      | Reached skill level 1 in Unarmed Combat
  1164 | D:4      | Reached skill level 1 in Spellcasting
  1164 | D:4      | Reached skill level 1 in Conjurations
  1164 | D:4      | Reached skill level 1 in Hexes
  1164 | D:4      | Reached skill level 1 in Charms
  1164 | D:4      | Reached skill level 1 in Summonings
  1164 | D:4      | Reached skill level 1 in Necromancy
  1164 | D:4      | Reached skill level 1 in Translocations
  1164 | D:4      | Reached skill level 1 in Transmutations
  1164 | D:4      | Reached skill level 1 in Fire Magic
  1164 | D:4      | Reached skill level 1 in Ice Magic
  1164 | D:4      | Reached skill level 1 in Air Magic
  1164 | D:4      | Reached skill level 1 in Earth Magic
  1164 | D:4      | Reached skill level 1 in Poison Magic
  1164 | D:4      | Reached skill level 1 in Evocations
  1164 | D:4      | Reached XP level 4. HP: 20/41 MP: 7/7
  1164 | D:4      | Reached XP level 5. HP: 23/47 MP: 8/8
  1615 | D:2      | Noticed Terence
  1622 | D:2      | Killed Terence
  2096 | D:3      | Found a faded altar of an unknown god.
  2473 | D:3      | Reached skill level 5 in Invocations
  2473 | D:3      | Reached XP level 6. HP: 46/53 MP: 9/9
  2612 | D:4      | Reached ** piety under Lugonu
  2981 | D:4      | Reached skill level 5 in Long Blades
  2981 | D:4      | Reached skill level 5 in Armour
  3304 | D:5      | Entered Level 5 of the Dungeon
  3396 | D:5      | Found a staircase to the Ecumenical Temple.
  3429 | D:5      | HP: 2/53 [orc priest/divine providence (10)]
  3430 | D:5      | Killed from afar by an orc wizard

Levels and vault maps discovered:
D:1:      dpeg_arrival_radiant, layout_loops_ring
D:2:      layout_loops_cross, overflow_temple_1_default,
          nicolae_overflow_crystal_walls, serial_forest,
          infiniplex_forest_lined_1, infiniplex_forest_lined_1,
          infiniplex_forest_lined_3, infiniplex_forest_lined_corner,
          infiniplex_forest_lined_3, infiniplex_forest_clump_long, uniq_terence,
          uniq_robin
D:3:      layout_basic, chequers_ecumenical_altar_simple_redux
D:4:      layout_loops_ring, first_ration, kennysheep_generic_room_16
D:5:      layout_loops_ring, minmay_temple_entry_drinking_statues,
          uniq_blork_the_orc

Skill      XL: |  1  2  3  4  5  6 |
---------------+-------------------+-----
Short Blades   | 1 2 |  2.0
Axes           | 1 2 |  2.0
Maces & Flails | 1 2 |  2.0
Polearms       | 1 2 |  2.0
Staves         | 1 2 |  2.0
Slings         | 1 2 |  2.0
Bows           | 1 2 |  2.0
Crossbows      | 1 2 |  2.0
Throwing       | 1 2 |  2.0
Stealth        | 1 2 |  2.0
Shields        | 1 2 |  2.0
Unarmed Combat | 1 2 |  2.0
Spellcasting   | 1 2 |  2.0
Conjurations   | 1 |  1.6
Hexes          | 1 |  1.6
Charms         | 1 |  1.6
Summonings     | 1 |  1.6
Necromancy     | 1 |  1.6
Translocations | 1 |  1.6
Transmutations | 1 |  1.6
Fire Magic     | 1 |  1.6
Ice Magic      | 1 |  1.6
Air Magic      | 1 |  1.6
Earth Magic    | 1 |  1.6
Poison Magic   | 1 |  1.6
Evocations     | 1 2 |  2.0
Dodging        | 3 |  3.3
Invocations    | 5 |  5.1
Long Blades    | 5 |  5.0
Armour         | 5 |  5.0
Fighting       | |  6.8

Action                   |  1- 3 |  4- 6 || total
-------------------------+-------+-------++-------
Melee: Falchion          |    85 |   196 ||   281
       Bite              |    12 |    24 ||    36
       Punch             |       |     2 ||     2
Invok: Depart the Abyss  |     1 |       ||     1
  Use: Scroll            |       |     9 ||     9
  Eat: Chunk             |     1 |     7 ||     8
Armor: Ring mail         |    26 |    13 ||    39
       Leather armour    |     1 |       ||     1
       Chain mail        |       |    71 ||    71
Dodge: Dodged            |    58 |   103 ||   161
       Rpst.: Falchion   |    23 |    27 ||    50
